 Dungeon Crawl Stone Soup version 0.27.1-34-g3ba077fa99 (webtiles) character file.

Game seed: 6842941470981442779

10642 mcbry74 the Grappler (level 11, -1/102 HPs)
             Began as a Troll Berserker on Jan 25, 2022.
             Was a High Priest of Trog.
             Slain by an unseen horror (9 damage)
             ... on level 10 of the Dungeon.
             The game lasted 00:24:07 (5262 turns).

mcbry74 the Grappler (Troll Berserker)              Turns: 5262, Time: 00:24:08

Health: -1/102     AC:  6    Str: 30    XL:     11   Next: 38%
Magic:  10/10      EV: 10    Int:  3    God:    Trog [*****.]
Gold:   422        SH:  0    Dex:  9    Spells: 10/10 levels left

rFire    + . .     SeeInvis .     - Unarmed
rCold    . . .     Faith    .   (no shield)
rNeg     . . .     Spirit   .   E - +1 robe of the Prophets {Slay+2}
rPois    .         Reflect  .   (helmet restricted)
rElec    .         Harm     .   i - +0 cloak
rCorr    .         Rampage  .   (gloves unavailable)
Will     ++...                  (boots unavailable)
Stlth    +.........             (no amulet)
HPRegen  2.27/turn              z - +4 ring of slaying
MPRegen  0.12/turn              L - ring of protection from fire

@: strong-willed, regenerating
A: large, unfitting armour, claws 3, regeneration 1, shaggy fur 1, tough skin 1
a: Renounce Religion, Berserk, Trog's Hand, Brothers in Arms


You were on level 10 of the Dungeon.
You worshipped Trog.
Trog was extremely pleased with you.
You visited 1 branch of the dungeon, and saw 10 of its levels.

You collected 422 gold pieces.

Inventory:

Hand Weapons
 c - a +0 giant spiked club
 q - a +4 dire flail of freezing
 v - a +5 spear of venom
Missiles
 j - 44 poisoned darts (quivered)
 k - 2 curare-tipped darts
 u - 15 boomerangs
 I - 4 silver boomerangs
 P - a throwing net
Armour
 a - a +0 animal skin
 i - a +0 cloak (worn)
 w - a +0 scale mail
 x - +0 swamp dragon scales
 E - the +1 robe of the Prophets (worn) {Slay+2}
   (You found it on level 9 of the Dungeon)

   Slay:      It affects your accuracy & damage with ranged weapons and melee
   (+2).
 F - a +1 robe of fire resistance
 N - a +2 robe of cold resistance
Jewellery
 r - a +4 ring of evasion
 z - a +4 ring of slaying (left claw)
 J - a +6 ring of strength
 L - a ring of protection from fire (right claw)
 M - a ring of ice
Wands
 e - a wand of flame (32)
 g - a wand of mindburst (12)
 A - a wand of iceblast (4)
 O - a wand of paralysis (8)
Scrolls
 b - a scroll of blinking {unknown}
 h - a scroll of teleportation {unknown}
 o - 2 scrolls of enchant weapon {unknown}
 p - 3 scrolls of identify {unknown}
 s - a scroll of magic mapping {unknown}
 t - a scroll of torment {unknown}
 y - 3 scrolls of amnesia {unknown}
 C - a scroll of acquirement {unknown}
 G - a scroll of enchant armour {unknown}
 H - a scroll of fear {unknown}
Potions
 d - 3 potions of curing {unknown}
 f - a potion of haste {unknown}
 l - a potion of cancellation {unknown}
 m - a potion of magic {unknown}
 n - a potion of flight {unknown}
 B - 2 potions of might {unknown}
 D - a potion of attraction {unknown}
Miscellaneous
 K - a phial of floods


   Skills:
 + Level 5.0 Fighting
 + Level 4.5 Throwing
 + Level 4.1 Armour
 + Level 4.8 Dodging
 * Level 13.7 Unarmed Combat
 + Level 3.7 Evocations


You had 10 spell levels left.
You didn't know any spells.
Your spell library was empty.

Dungeon Overview and Level Annotations

Branches:
Dungeon (10/15)               Orc (0/2) D:9
 Temple: D:4-7         Lair: D:8-11

Altars:
Ashenzari
Fedhas
Uskayaw

Shops:
D:6 *   D:9 =

Annotations:
D:10 Grum


Innate Abilities, Weirdness & Mutations

You are too large for most types of armour.
You have claws for hands.
Your natural rate of healing is unusually fast.
You are covered in fur. (AC +1)
You have tough skin. (AC +1)


Message History

You hear a splashing noise.
Something hits you. The wolf bites you. Something hits you! The wolf bites you.
You completely miss something. Something hits you.
The wolf bites you but does no damage. Something hits you but does no damage.
The wolf bites you but does no damage. The wolf bites you.
* * * LOW HITPOINT WARNING * * *
You hear a splashing noise.
The wolf bites you but does no damage. Something hits you!
* * * LOW HITPOINT WARNING * * *
The wolf closely misses you.
Your skin crawls.
You feel strong-willed. The wolf misses you.
You hear a splashing noise.
Grum hits you from afar with a -1 spear.
* * * LOW HITPOINT WARNING * * *
Something hits you!
* * * LOW HITPOINT WARNING * * *
Something hits you.
* * * LOW HITPOINT WARNING * * *
Something hits you.
* * * LOW HITPOINT WARNING * * *
Something hits you but does no damage. Something hits you but does no damage.
Something hits you!
* * * LOW HITPOINT WARNING * * *
The wolf closely misses you. Something hits you.
* * * LOW HITPOINT WARNING * * *
The wolf closely misses you.
You claw the wolf!
The wolf is severely wounded.
The wolf bites you but does no damage. Something hits you.
* * * LOW HITPOINT WARNING * * *
Something hits you but does no damage. Something hits you.
* * * LOW HITPOINT WARNING * * *
Something hits you!
You die...

.....≈≈≈≈≈≈###≈≈≈≈≈≈≈≈##.#####.#.
....≈≈≈≈≈≈≈≈#≈≈≈≈≈≈≈≈≈≈#.........
††.#≈≈≈≈≈≈≈≈≈≈≈≈≈≈≈≈≈≈≈)####....#
#.##≈≈≈≈≈≈≈≈≈≈....≈≈≈≈≈## #....#
####≈≈≈≈≈≈≈≈≈.....≈...### ##...#
#≈≈≈≈≈≈≈≈#g..8.≈.....# #...#
#≈≈≈≈≈≈≈##..8).≈.....# #...#
#≈≈≈≈≈≈###g###)......# #...#
####≈≈≈≈≈≈# #.h.@.......# #...#
...##≈≈≈≈≈# #####...##### #...#
...###≈≈≈≈# #...# #...#
..>......## #...# #####
.(.......# ##### .#.......#
.#.......# ##.<.....# #########


You could see Grum and a wolf.

Vanquished Creatures
  Fannar (D:10)
  2 two-headed ogres (D:9)
  A lindwurm (shapeshifter) (D:10)
  Pikel (D:5)
  Maggie (D:8)
  A troll (D:10)
  2 shadows (D:9)
  9 yaks
  3 steam dragons
  2 acid dragons
  A floating eye (D:9)
  A black bear (D:5)
  12 orc warriors
  2 sky beasts
  3 necrophages
  A wolf (D:10)
  An ogre (D:5)
  A phantom (D:6)
  4 centaurs
  4 kobold brigands
  3 bullfrogs
  3 gnoll sergeants
  8 killer bees
  3 electric eels
  5 wights
  2 howler monkeys
  A bullfrog zombie (D:6)
  2 hounds
  6 centaur zombies
  6 orc priests
  A centaur skeleton (D:7)
  A gnoll shaman (D:9)
  An iguana (D:6)
  7 orc wizards
  A scorpion zombie (D:5)
  A killer bee zombie (D:6)
  2 mummies (D:10)
  A howler monkey zombie (D:9)
  17 gnolls
  2 adders
  3 white imps
  An ufetubus (D:6)
  39 orcs
  4 ball pythons
  A bat (D:1)
  2 endoplasms (D:1)
  2 goblins
  4 hobgoblins
  3 jackals (D:1)
  15 kobolds
  2 quokkas (D:5)
  4 rats
206 creatures vanquished.

Vanquished Creatures (others)
  2 orc wizards
  7 withered plants (D:10)
9 creatures vanquished.

Grand Total: 215 creatures vanquished

Notes
Turn   | Place    | Note
-------+----------+-------------------------------------------
     0 | D:1      | mcbry74 the Troll Berserker began the quest for the Orb.
     0 | D:1      | Reached XP level 1. HP: 22/22 MP: 0/0
    69 | D:1      | Reached XP level 2. HP: 29/29 MP: 1/1
   117 | D:2      | Reached skill level 4 in Unarmed Combat
   127 | D:2      | Reached XP level 3. HP: 10/36 MP: 2/2
   414 | D:3      | Reached skill level 5 in Unarmed Combat
   414 | D:3      | Reached XP level 4. HP: 43/44 MP: 3/3
   469 | D:3      | Reached ** piety under Trog
   563 | D:5      | Entered Level 5 of the Dungeon
   563 | D:5      | Noticed a lemure
   563 | D:5      | Noticed a lemure
   577 | D:5      | Noticed a lemure
   580 | D:5      | Noticed a lemure
   580 | D:5      | Noticed an ogre
   580 | D:5      | Noticed Pikel
   589 | D:5      | Killed Pikel
   590 | D:5      | Reached skill level 8 in Unarmed Combat
   590 | D:5      | Reached XP level 5. HP: 23/50 MP: 4/4
   590 | D:5      | Reached XP level 6. HP: 27/59 MP: 5/5
   590 | D:5      | Reached XP level 7. HP: 31/66 MP: 6/6
   861 | D:6      | Reached skill level 9 in Unarmed Combat
  1027 | D:6      | Reached XP level 8. HP: 69/74 MP: 7/7
  1343 | D:6      | Reached skill level 10 in Unarmed Combat
  1563 | D:6      | Found Mychu's Assorted Antiques.
  1905 | D:7      | Reached skill level 11 in Unarmed Combat
  2163 | D:7      | Reached XP level 9. HP: 59/80 MP: 8/8
  2228 | D:7      | Reached skill level 12 in Unarmed Combat
  2253 | D:7      | Found a blossoming altar of Fedhas.
  2718 | D:8      | Reached skill level 1 in Throwing
  2718 | D:8      | Reached skill level 1 in Armour
  2763 | D:8      | Reached *** piety under Trog
  2823 | D:8      | Reached skill level 1 in Evocations
  2869 | D:8      | Noticed Maggie
  2872 | D:8      | Killed Maggie
  3299 | D:9      | Found a hide-covered altar of Uskayaw.
  3303 | D:9      | Identified the +1 robe of the Prophets {Slay+2}
  3623 | D:9      | Reached XP level 10. HP: 71/91 MP: 9/9
  3699 | D:9      | Reached **** piety under Trog
  3711 | D:9      | Noticed a two-headed ogre
  3823 | D:9      | Identified the +0 pair of boots of the Heavens {rPois rN+
                  | Regen+ Dex+2}
  3912 | D:9      | Noticed a two-headed ogre
  3932 | D:9      | Killed a two-headed ogre
  3933 | D:9      | Reached skill level 13 in Unarmed Combat
  3961 | D:9      | Paralysed by a floating eye for 4 turns
  4039 | D:9      | Killed a two-headed ogre
  4131 | D:9      | Found Xihygraps's Jewellery Boutique.
  4301 | D:9      | Reached ***** piety under Trog
  4432 | D:9      | Reached XP level 11. HP: 46/101 MP: 10/10
  4481 | D:9      | Found a staircase to the Orcish Mines.
  4641 | D:9      | Found a broken altar of Ashenzari.
  4762 | D:10     | Entered Level 10 of the Dungeon
  4770 | D:10     | Noticed Fannar
  4782 | D:10     | Killed Fannar
  5071 | D:10     | Noticed a lindwurm
  5088 | D:10     | Killed a lindwurm
  5198 | D:10     | Reached skill level 5 in Fighting
  5244 | D:10     | Noticed Grum
  5262 | D:10     | Slain by an unseen horror

Illustrated notes

Levels and vault maps discovered:
D:1:      minmay_arrival_radiant_lines, layout_rooms, serial_shops, shop
D:2:      layout_rooms, ebering_ecumenical_altar_hall
D:3:      layout_loops_corners, hex_tiny
D:4:      layout_gridville, minmay_temple_entry_arrows, hangedman_decor_push
D:5:      layout_basic, nrook_uturn, uniq_pikel
D:6:      layout_cave_pods, serial_shops, shop, kennysheep_generic_room_6
D:7:      layout_gridville, mainiacjoe_overflow_alcove_2, st_stairs_9
D:8:      kennysheep_ambush_hall, layout_basic, uniq_maggie
D:9:      layout_loops_ring, mainiacjoe_overflow_alcove_4, lemuel_tele_altar,
          erik_orc_2, serial_shops, shop, grunt_ministairs_8, onia_ninara_cookie
D:10:     layout_basic, lemuel_doored_altar, serial_undead, serial_undead_e,
          serial_undead_a, serial_undead_f, serial_undead_b, uniq_fannar,
          uniq_grum

Skill      XL: |  1  2  3  4  5  6  7  8  9 10 11 |
---------------+----------------------------------+-----
Unarmed Combat | 4 5 8 9 11 12 13 | 13.7
Throwing       | 2 4 |  4.5
Armour         | 2 3 4 |  4.1
Evocations     | 2 3 |  3.7
Fighting       | 3 4 5 |  5.0
Dodging        | 3 4 |  4.8

Action                   |  1- 3 |  4- 6 |  7- 9 | 10-12 || total
-------------------------+-------+-------+-------+-------++-------
Melee: Unarmed           |    48 |    28 |   244 |   240 ||   560
       Punch             |       |     1 |    11 |    16 ||    28
Throw: Throwing net      |       |       |       |     1 ||     1
       Dart              |       |       |       |     3 ||     3
Invok: Berserk           |       |     1 |       |       ||     1
       Trog's Hand       |       |       |       |     3 ||     3
  Use: Scroll            |       |       |     1 |       ||     1
Armor: Animal skin       |    18 |     8 |    55 |       ||    81
       Swamp dragon scal |       |       |    10 |       ||    10
       Robe              |       |       |       |    76 ||    76
Dodge: Dodged            |    25 |    20 |   127 |   110 ||   282
